 Dungeon Crawl Stone Soup version 0.29.0-11-gd7f09526c8 (webtiles) character file.

Game seed: 2931654015333137474

64 smilodon the Poker (level 3, -3/29 HPs)
             Began as a Demonspawn Fighter on Sept 6, 2022.
             Was an Initiate of Gozag.
             Slain by Terence
             ... wielding a +0 hand axe
              (6 damage)
             ... on level 3 of the Dungeon.
             The game lasted 00:03:27 (1600 turns).

smilodon the Poker (Demonspawn Fighter)             Turns: 1600, Time: 00:03:28

Health: -3/29      AC:  7    Str: 18    XL:     3   Next: 91%
Magic:  3/3        EV:  9    Int:  9    God:    Gozag
Gold:   169        SH:  4    Dex: 12    Spells: 2/2 levels left

rFire   . . .      SeeInvis .   a - +2 trident
rCold   . . .      Faith    .   c - +0 buckler
rNeg    . . .      Spirit   .   b - +0 scale mail
rPois   .          Reflect  .   i - +0 helmet
rElec   .          Harm     .   (no cloak)
rCorr   .          Rampage  .   (no gloves)
Will    .....                   (no boots)
Stlth   ..........              (no amulet)
HPRegen 0.09/turn               (no ring)
MPRegen 0.08/turn               (no ring)

@: mighty, hasted, studying Axes, very quick
A: demonic magic 1
a: Renounce Religion, Potion Petition, Call Merchant, Bribe Branch


You were on level 3 of the Dungeon.
You worshipped Gozag.
Gozag was aware of your devotion.
You visited 1 branch of the dungeon, and saw 3 of its levels.

You collected 169 gold pieces.

Inventory:

Hand Weapons
 a - a +2 trident (weapon)
Missiles
 h - 2 throwing nets (quivered)
Armour
 b - a +0 scale mail (worn)
 c - a +0 buckler (worn)
 i - a +0 helmet (worn)
Scrolls
 g - 2 scrolls of identify
Potions
 e - a potion of brilliance


   Skills:
 - Level 3.0 Fighting
 + Level 3.4 Polearms
 - Level 2.7 Armour
 - Level 0.1 Dodging
 - Level 0.9 Stealth
 - Level 2.7 Shields


You had 2 spell levels left.
You didn't know any spells.
Your spell library contained the following spells:

 Spells                   Type           Power      Damage    Failure   Level
 Shock                    Conj/Air       0%         1d3       86%         1
 Swiftness                Air            0%         N/A       99%         3
 Airstrike                Air            0%         2d(0-16)  100%        4


Dungeon Overview and Level Annotations

Branches:
Dungeon (3/15)

Altars:
Gozag
Yredelemnul

Shops:
D:1 =

Annotations:
D:3 Terence


Innate Abilities, Weirdness & Mutations

Spells you cast may paralyse adjacent enemies.


Message History

Terence is almost dead.
Terence hits you with a +0 hand axe.
You completely miss Terence.
Terence is almost dead.
Terence barely misses you.
You hit Terence but do no damage.
Terence is almost dead.
Terence hits you but does no damage.
You barely miss Terence.
Terence is almost dead.
Terence hits you with a +0 hand axe! Terence hits you with a +0 hand axe.
You are too injured to fight recklessly!
You feel very mighty all of a sudden. You block Terence's attack.
You hit Terence.
Terence is almost dead.
Terence hits you with a +0 hand axe.
You closely miss Terence.
Terence is almost dead.
You block Terence's attack.
You barely miss Terence.
Terence is almost dead.
Terence closely misses you.
You closely miss Terence.
Terence is almost dead.
Terence hits you with a +0 hand axe.
You barely miss Terence.
Terence is almost dead.
Terence hits you with a +0 hand axe.
* * * LOW HITPOINT WARNING * * *
You feel yourself speed up. You block Terence's attack.
You barely miss Terence.
Terence is almost dead.
You block Terence's attack.
Okay, then.
You barely miss Terence.
Terence is almost dead.
Terence hits you with a +0 hand axe.
You die...
Your body crumbles into a pile of gold.

#...# #..# #...# ..#
#...# ..# #...# ...
#...# #.# #. #...# #.#
#...#$.@# #.# #......@#
#.#.# ......#.# #.#.#
##...##.####.#.#.#
##.......##.#.#.#
#..##.#.##.#.#.#
#.........)#...#
...####..#....#.#######
#. ...................
# ###.#.#.............


You could see Terence.

Vanquished Creatures
  An adder (D:2)
  5 dart slugs
  An orc (D:2)
  3 ball pythons
  A bat (D:1)
  3 endoplasms
  3 giant cockroaches
  4 goblins
  6 hobgoblins
  4 jackals (D:1)
  2 quokkas
  A kobold (D:1)
  4 rats
38 creatures vanquished.

Vanquished Creatures (collateral kills)
  A rat (D:1)
1 creature vanquished.

Grand Total: 39 creatures vanquished

Notes
Turn   | Place    | Note
-------+----------+-------------------------------------------
     0 | D:1      | smilodon the Demonspawn Fighter began the quest for the
                  | Orb.
     0 | D:1      | Reached XP level 1. HP: 18/18 MP: 1/1
   171 | D:1      | Gained mutation: Spells you cast may paralyse adjacent
                  | enemies. [demonic ancestry]
   171 | D:1      | Reached XP level 2. HP: 24/24 MP: 2/2
   521 | D:1      | You fall into a shaft and drop 1 floor!
   569 | D:2      | Found a faded altar of an unknown god.
   585 | D:2      | Prayed at the altar of an unknown god.
   585 | D:2      | Became a worshipper of Gozag Ym Sagoz the Greedy
   726 | D:1      | Found Vubrah's Jewellery Emporium.
   747 | D:1      | Reached XP level 3. HP: 29/29 MP: 3/3
  1109 | D:2      | Found a basalt altar of Yredelemnul.
  1456 | D:2      | Identified a scroll of acquirement
  1457 | D:2      | Acquired a manual of Axes
  1583 | D:3      | Noticed Terence
  1600 | D:3      | Slain by Terence

Illustrated notes

Levels and vault maps discovered:
D:1:      amcnicky_arrival_flooded_fountain, layout_basic, serial_shops, shop
D:2:      layout_basic, hellmonk_ecumenical_altar_leap_of_faith, basic_altar,
          nicolae_concentric_dashed_squares_wild, st_stairs_2
D:3:      layout_basic, amcnicky_altar_gilded, uniq_natasha, uniq_terence

Skill      XL: |  1  2  3 |
---------------+----------+-----
Polearms       | 2 3 |  3.4
Fighting       | |  3.0
Armour         | |  2.7
Dodging        | |  0.1
Stealth        | |  0.9
Shields        | |  2.7

Action                   || total
-------------------------++-------
Melee: Trident           ||   121
  Use: Scroll            ||     7
       Potion            ||     4
Armor: Scale mail        ||    37
Dodge: Dodged            ||    37
Block: Buckler           ||    19
